 Dungeon Crawl Stone Soup version 0.28-a0-479-g5baa6b73be (webtiles) character file.

Game seed: 17322562834742685210

36302 Gargoyl the Fighter (level 13, 0/105 HPs)
             Began as a Gnoll Abyssal Knight on Sept 19, 2021.
             Was a Priest of Lugonu.
             Slain by a white ugly thing (32 damage)
             ... on level 14 of the Dungeon.
             The game lasted 00:32:06 (22910 turns).

Gargoyl the Fighter (Gnoll Abyssal Knight)         Turns: 22910, Time: 00:32:07

Health: 0/105      AC: 25    Str: 21 (23) XL:     13   Next: 89%
Magic:  25/25      EV: 13    Int:  9      God:    Lugonu [***...]
Gold:   599        SH:  6    Dex: 11 (12) Spells: 29/29 levels left

rFire   . . .      SeeInvis .   j - +1 short sword (elec)
rCold   . . .      Faith    .   v - +0 buckler
rNeg    . . .      Spirit   .   E - +3 plate armour
rPois   +          Reflect  .   n - +2 helmet
rElec   .          Harm     .   m - +2 cloak
rCorr   .          Rampage  .   (no gloves)
Will    .....                   s - +0 pair of boots
Stlth   ..........              F - amulet of regeneration
HPRegen 1.27/turn               b - +4 ring of evasion
MPRegen 0.19/turn               d - +6 ring of strength

@: no status effects
A: fangs 1, strong nose, distributed training, dopey 1, poison resistance
a: Renounce Religion, Depart the Abyss, Bend Space, Banish


You were on level 14 of the Dungeon.
You worshipped Lugonu.
Lugonu was most pleased with you.
You visited 2 branches of the dungeon, and saw 15 of its levels.
You visited the Abyss 2 times.

You collected 1033 gold pieces.
You spent 434 gold pieces at shops.

Inventory:

Hand Weapons
 e - a +3 scimitar of flaming
 g - a +4 dagger of venom
 j - a +1 short sword of electrocution (weapon)
 C - a +3 hand axe
Missiles
 f - 51 poisoned darts (quivered)
 p - 5 throwing nets
Armour
 c - a +4 ring mail
 m - a +2 cloak (worn)
 n - a +2 helmet (worn)
 s - a +0 pair of boots (worn)
 v - a +0 buckler (worn)
 E - a +3 plate armour (worn)
Jewellery
 b - a +4 ring of evasion (left hand)
 d - a +6 ring of strength (right hand)
 i - a ring of flight
 F - an amulet of regeneration (around neck)
Wands
 o - a wand of paralysis (9)
 q - a wand of polymorph (18)
 t - a wand of iceblast (3)
 x - a wand of flame (25)
 B - a wand of acid (3)
Scrolls
 r - 2 scrolls of amnesia
 y - a scroll of fog
 A - 2 scrolls of identify
 G - a scroll of teleportation
 I - 2 scrolls of brand weapon {unknown}
Potions
 h - 2 potions of mutation
 k - 2 potions of invisibility
 l - 2 potions of flight
 u - a potion of resistance
 w - a potion of lignification
 z - 2 potions of curing
 D - 2 potions of haste


   Skills:
 + Level 10.8 Fighting
 + Level 8.7 Short Blades
 + Level 8.7 Long Blades
 + Level 9.8 Axes
 + Level 8.7 Maces & Flails
 + Level 8.7 Polearms
 + Level 8.7 Staves
 + Level 8.7 Slings
 + Level 8.7 Bows
 + Level 8.7 Crossbows
 + Level 8.7 Throwing
 + Level 9.8 Armour
 + Level 9.1 Dodging
 + Level 8.7 Stealth
 + Level 8.7 Shields
 + Level 8.7 Unarmed Combat
 + Level 8.7 Spellcasting
 + Level 7.2 Conjurations
 + Level 7.2 Hexes
 + Level 7.2 Summonings
 + Level 7.2 Necromancy
 + Level 7.2 Translocations
 + Level 7.2 Transmutations
 + Level 7.2 Fire Magic
 + Level 7.2 Ice Magic
 + Level 7.2 Air Magic
 + Level 7.2 Earth Magic
 + Level 7.2 Poison Magic
 + Level 10.5 Invocations
 + Level 8.7 Evocations


You had 29 spell levels left.
You didn't know any spells.
Your spell library contained the following spells:

 Spells                   Type           Power      Damage    Failure   Level
 Freeze                   Ice            68%        1d8       13%         1
 Pain                     Necr           68%        1d7       13%         1
 Static Discharge         Conj/Air       17%        N/A       21%         2
 Frozen Ramparts          Ice            34%        1d5       36%         3
 Gell's Gravitas          Tloc           8%         N/A       36%         3
 Lesser Beckoning         Tloc           17%        N/A       36%         3
 Teleport Other           Tloc           17%        N/A       36%         3
 Airstrike                Air            8%         N/A       78%         4
 Hailstorm                Conj/Ice       17%        3d6       78%         4
 Passage of Golubria      Tloc           N/A        N/A       78%         4
 Summon Lightning Spire   Summ/Air       17%        N/A       78%         4
 Agony                    Necr           17%        N/A       98%         5
 Excruciating Wounds      Necr           8%         N/A       98%         5
 Lightning Bolt           Conj/Air       8%         1d21      98%         5
 Silence                  Hex/Air        8%         N/A       98%         5
 Lehudib's Crystal Spear  Conj/Erth      8%         10d4      100%        8
 Maxwell's Capacitive Co  Air            8%         ∞         100%        8


Dungeon Overview and Level Annotations

Branches:
Dungeon (14/15)            Temple (0/1) D:4            Lair (1/6) D:8
    Orc (0/2) D:10         Vaults (0/5) D:13

Altars:
Elyvilon
Hepliaklqana
Kikubaaqudgha
Makhleb
Sif Muna
Uskayaw
Wu Jian
Xom
Zin

Shops:
D:10 !

Portals:
Trove: D:10 (give 6 scrolls of fog)

Annotations:
D:9 2 runed translucent doors, exclusion: orange crystal statue
D:14 3 runed translucent doors, Juupsuta's ghost, journeyman DEFE


Innate Abilities, Weirdness & Mutations

You have very sharp teeth.
Your uncanny sense of smell can sniff out nearby items.
Your experience applies equally to all skills.
You are dopey. (Int -2)
Your system is resistant to poisons. (rPois)


Message History

The red ugly thing is lightly wounded.
The purple ugly thing basks in the mutagenic energy from its kin and changes!
You hit the red ugly thing.
The red ugly thing is lightly wounded.
The red ugly thing bites you.
You are engulfed in flames!
You hit the red ugly thing. You burn the red ugly thing.
The red ugly thing is lightly wounded.
You closely miss the red ugly thing.
The red ugly thing is lightly wounded.
The red ugly thing barely misses you.
The red ugly thing basks in the mutagenic energy from its kin and changes!
You slash the red ugly thing!
The red ugly thing is heavily wounded.
The red ugly thing bites you but does no damage.
Your +3 scimitar of flaming stops flaming.
You hear the crackle of electricity.
j - a +1 short sword of electrocution (weapon)
The red ugly thing barely misses you.
You hit the red ugly thing.
The red ugly thing is heavily wounded.
You hit the red ugly thing.
The red ugly thing is heavily wounded.
The red ugly thing bites you!
You are engulfed in flames!
You hit the red ugly thing but do no damage.
Lightning courses through the red ugly thing!
The red ugly thing is severely wounded.
The red ugly thing bites you!
You are engulfed in flames!
* * * LOW HITPOINT WARNING * * *
You barely miss the red ugly thing. Your bite misses the red ugly thing.
The red ugly thing is severely wounded.
You hit the red ugly thing.
The red ugly thing is severely wounded.
The red ugly thing closely misses you.
Unknown command.
The green ugly thing basks in the mutagenic energy from its kin and changes!
The red ugly thing basks in the mutagenic energy from its kin and changes!
There is an open door, spattered with blood here.
The red ugly thing basks in the mutagenic energy from its kin and changes!
The white ugly thing tail-slaps you. The white ugly thing freezes you!!
You die...

∆ #.....'..#....#.........#..
#.....##.#....####+####+#..
########....#†##...............?
#......'..u.#uu#................
#......#...u#u(#................
#......#...u#.(#.>..............
#......#....#..'................
.##+#####..uu####................
...............u@..#'##########..
...................#..........'..
...................#..........#..
............########..###.##..#..
####+########.#.#Z#...###.##+##..
#)..ZZ#...........#..
##).ZZ+...........#..
#.[ZZW+...........#.. ∆
##[.ZZ+.#####.###'#..


You could see 3 ugly things.

Vanquished Creatures
  Kirke (D:13)
  Harold (D:11)
  4 vault guards
  Erica (D:11)
  2 boulder beetles
  2 hydras (D:12)
  4 centaur warriors
  3 two-headed ogres
  3 skeletal warriors
  2 deep elf pyromancers
  An ugly thing (D:14)
  3 manticores
  6 cyclopes
  An elephant (D:8)
  2 cane toads (Lair:1)
  4 kobold demonologists
  A komodo dragon (D:10)
  2 trolls
  3 meliai (D:13)
  A hornet (D:10)
  A slime creature (D:13)
  3 wraiths
  Sigmund (D:3)
  2 wyverns
  A vampire (D:14)
  5 hogs
  6 humans
  A basilisk (D:12)
  18 yaks
  A steam dragon (D:7)
  A warg (D:6)
  2 water moccasins
  An acid dragon (D:8)
  6 orc warriors
  4 black bears
  An ice beast (D:7)
  5 ogres
  17 centaurs
  6 kobold brigands
  5 bullfrogs
  3 gnoll sergeants
  A wyvern zombie (D:8)
  A scorpion (D:5)
  A water moccasin zombie (D:6)
  6 killer bees
  14 wights
  14 howler monkeys
  4 centaur zombies
  4 hounds
  10 orc priests
  2 centaur skeletons (D:7)
  2 gnoll shamans
  2 jellies
  A scorpion zombie (D:5)
  3 iguanas
  10 orc wizards
  A howler monkey zombie (D:6)
  22 gnolls
  5 adders
  A shadow imp (D:7)
  3 white imps
  An ufetubus (D:4)
  2 worms
  2 dart slugs
  37 orcs
  9 ball pythons
  8 endoplasms
  8 giant cockroaches
  6 hobgoblins
  2 jackals (D:1)
  2 quokkas
  9 bats
  A frilled lizard (D:1)
  5 goblins
  12 kobolds
  10 rats
358 creatures vanquished.

Vanquished Creatures (others)
  2 humans (D:13)
  11 fungi
  7 plants
20 creatures vanquished.

Grand Total: 378 creatures vanquished

Notes
Turn   | Place    | Note
-------+----------+-------------------------------------------
     0 | Abyss:1  | Gargoyl the Gnoll Abyssal Knight began the quest for the
                  | Orb.
     0 | Abyss:1  | Reached XP level 1. HP: 23/23 MP: 3/3
    53 | Abyss:2  | Found a corrupted altar of Lugonu.
   107 | Abyss:2  | Noticed a thrashing horror
   110 | D:1      | Escaped the Abyss
   433 | D:1      | Reached XP level 2. HP: 29/29 MP: 5/5
   649 | D:1      | Reached * piety under Lugonu
   700 | D:1      | Found a faded altar of an unknown god.
   747 | D:1      | Reached XP level 3. HP: 35/35 MP: 6/6
  1195 | D:2      | Reached skill level 1 in Short Blades
  1195 | D:2      | Reached skill level 1 in Long Blades
  1195 | D:2      | Reached skill level 1 in Maces & Flails
  1195 | D:2      | Reached skill level 1 in Polearms
  1195 | D:2      | Reached skill level 1 in Staves
  1195 | D:2      | Reached skill level 1 in Slings
  1195 | D:2      | Reached skill level 1 in Bows
  1195 | D:2      | Reached skill level 1 in Crossbows
  1195 | D:2      | Reached skill level 1 in Throwing
  1195 | D:2      | Reached skill level 1 in Stealth
  1195 | D:2      | Reached skill level 1 in Shields
  1195 | D:2      | Reached skill level 1 in Unarmed Combat
  1195 | D:2      | Reached skill level 1 in Spellcasting
  1195 | D:2      | Reached skill level 1 in Evocations
  1195 | D:2      | Reached XP level 4. HP: 34/41 MP: 7/7
  1286 | D:2      | Reached skill level 1 in Conjurations
  1286 | D:2      | Reached skill level 1 in Hexes
  1286 | D:2      | Reached skill level 1 in Summonings
  1286 | D:2      | Reached skill level 1 in Necromancy
  1286 | D:2      | Reached skill level 1 in Translocations
  1286 | D:2      | Reached skill level 1 in Transmutations
  1286 | D:2      | Reached skill level 1 in Fire Magic
  1286 | D:2      | Reached skill level 1 in Ice Magic
  1286 | D:2      | Reached skill level 1 in Air Magic
  1286 | D:2      | Reached skill level 1 in Earth Magic
  1286 | D:2      | Reached skill level 1 in Poison Magic
  1591 | D:2      | Reached XP level 5. HP: 47/47 MP: 8/8
  2021 | D:2      | Reached ** piety under Lugonu
  2653 | D:3      | Noticed Sigmund
  2665 | D:3      | Killed Sigmund
  2666 | D:3      | Reached skill level 5 in Axes
  2666 | D:3      | Reached skill level 5 in Armour
  2666 | D:3      | Reached skill level 5 in Invocations
  2666 | D:3      | Reached XP level 6. HP: 34/53 MP: 9/9
  3413 | D:4      | Found a staircase to the Ecumenical Temple.
  3520 | D:4      | Found a hazy altar of Hepliaklqana.
  4373 | D:5      | Entered Level 5 of the Dungeon
  4385 | D:4      | Reached XP level 7. HP: 60/60 MP: 10/10
  5210 | D:5      | Reached XP level 8. HP: 58/67 MP: 12/12
  5956 | D:6      | Reached *** piety under Lugonu
  6922 | D:6      | Reached XP level 9. HP: 72/72 MP: 14/14
  7350 | D:6      | Reached skill level 5 in Dodging
  8038 | D:6      | Reached **** piety under Lugonu
  8491 | D:6      | Noticed a cyclops
  8513 | D:6      | Killed a cyclops
  8514 | D:6      | Reached XP level 10. HP: 78/80 MP: 17/17
  8823 | D:7      | Gained mutation: You are dopey. (Int -2) [potion of
                  | mutation]
  8823 | D:7      | Gained mutation: Your system is resistant to poisons.
                  | (rPois) [potion of mutation]
  8941 | D:7      | Reached skill level 5 in Short Blades
  8941 | D:7      | Reached skill level 5 in Long Blades
  8941 | D:7      | Reached skill level 5 in Maces & Flails
  8941 | D:7      | Reached skill level 5 in Polearms
  8941 | D:7      | Reached skill level 5 in Staves
  8941 | D:7      | Reached skill level 5 in Slings
  8941 | D:7      | Reached skill level 5 in Bows
  8941 | D:7      | Reached skill level 5 in Crossbows
  8941 | D:7      | Reached skill level 5 in Throwing
  8941 | D:7      | Reached skill level 5 in Stealth
  8941 | D:7      | Reached skill level 5 in Shields
  8941 | D:7      | Reached skill level 5 in Unarmed Combat
  8941 | D:7      | Reached skill level 5 in Spellcasting
  8941 | D:7      | Reached skill level 5 in Evocations
 10563 | D:7      | Found a shimmering blue altar of Sif Muna.
 11153 | D:8      | Noticed an angel
 11155 | D:8      | Found a glowing silver altar of Zin.
 11156 | D:8      | Found a shimmering altar of Xom.
 12504 | D:8      | Reached ***** piety under Lugonu
 12719 | D:8      | Reached XP level 11. HP: 87/87 MP: 19/19
 12739 | D:8      | Found a staircase to the Lair.
 13153 | Lair:1   | Entered Level 1 of the Lair of Beasts
 13304 | Lair:1   | Reached skill level 5 in Conjurations
 13304 | Lair:1   | Reached skill level 5 in Hexes
 13304 | Lair:1   | Reached skill level 5 in Summonings
 13304 | Lair:1   | Reached skill level 5 in Necromancy
 13304 | Lair:1   | Reached skill level 5 in Translocations
 13304 | Lair:1   | Reached skill level 5 in Transmutations
 13304 | Lair:1   | Reached skill level 5 in Fire Magic
 13304 | Lair:1   | Reached skill level 5 in Ice Magic
 13304 | Lair:1   | Reached skill level 5 in Air Magic
 13304 | Lair:1   | Reached skill level 5 in Earth Magic
 13304 | Lair:1   | Reached skill level 5 in Poison Magic
 13564 | D:9      | Found an ornate altar of the Wu Jian Council.
 13929 | D:9      | Found a runed translucent door.
 13945 | D:9      | Found a runed translucent door.
 13963 | D:9      | Found a runed translucent door.
 14000 | D:9      | Found a runed translucent door.
 14321 | D:9      | Noticed an orange crystal statue
 14419 | D:10     | Entered Level 10 of the Dungeon
 14422 | D:10     | Found Cacobu's Distillery.
 14449 | D:10     | Bought a potion of curing for 42 gold pieces
 14449 | D:10     | Bought a potion of berserk rage for 70 gold pieces
 14449 | D:10     | Bought a potion of haste for 140 gold pieces
 14449 | D:10     | Bought a potion of resistance for 140 gold pieces
 14449 | D:10     | Bought a potion of lignification for 42 gold pieces
 15516 | D:10     | Found a portal to a secret trove of treasure.
 15676 | D:10     | Found a hide-covered altar of Uskayaw.
 15686 | D:10     | Found a staircase to the Orcish Mines.
 15726 | D:10     | Noticed a soul eater
 16115 | D:11     | Noticed a boulder beetle
 16132 | D:11     | Killed a boulder beetle
 16344 | D:11     | Found a burning altar of Makhleb.
 16406 | D:11     | Noticed Erica
 16408 | D:11     | Noticed Harold
 16433 | D:11     | Killed Erica
 16434 | D:11     | Reached XP level 12. HP: 54/96 MP: 22/22
 16449 | D:11     | Killed Harold
 16778 | D:11     | Noticed a two-headed ogre
 16805 | D:11     | Killed a two-headed ogre
 17506 | D:12     | Noticed a five-headed hydra
 17519 | D:12     | Killed a one-headed hydra
 17764 | D:12     | Noticed a two-headed ogre
 17969 | D:11     | Killed a two-headed ogre
 18157 | D:12     | Noticed a four-headed hydra
 18536 | D:12     | Killed a one-headed hydra
 18537 | D:12     | Reached skill level 10 in Fighting
 19803 | D:13     | Found a white marble altar of Elyvilon.
 20058 | D:13     | Reached XP level 13. HP: 103/103 MP: 24/24
 20369 | D:13     | Noticed a vault guard
 20369 | D:13     | Noticed a vault guard
 20369 | D:13     | Noticed a vault guard
 20491 | D:12     | Killed a vault guard
 20682 | D:12     | Killed a vault guard
 20683 | D:12     | Reached skill level 10 in Invocations
 20881 | D:13     | Killed a vault guard
 21041 | D:13     | Noticed a vault guard
 21082 | D:13     | Killed a vault guard
 21228 | D:13     | Found a gate to the Vaults.
 21594 | D:13     | Found an ancient bone altar of Kikubaaqudgha.
 21849 | D:14     | Noticed Kirke
 21899 | D:14     | Noticed a sphinx
 22060 | D:13     | Escaped the Abyss
 22066 | D:13     | Killed Kirke
 22503 | D:14     | Found a runed translucent gate.
 22503 | D:14     | Found a runed translucent gate.
 22503 | D:14     | Found a runed translucent gate.
 22773 | D:14     | Noticed Juupsuta's ghost (journeyman DEFE)
 22910 | D:14     | Slain by a white ugly thing

Illustrated notes

Levels and vault maps discovered:
D:1:      dpeg_arrival_prison, layout_rooms, shapermc_ecumenical_altar_petra,
          lemuel_another_geyser
D:2:      layout_loops_corners
D:3:      layout_loops_corners, kennysheep_generic_room_2, uniq_sigmund
D:4:      layout_basic, nicolae_hepliaklqana_hazy_memory,
          minmay_temple_entry_glassed_door
D:5:      layout_basic, st_stairs_3, hex_large
D:6:      lemuel_castle_with_subvaults [lemuel_castle_interior_carwin_1],
          layout_gridville
D:7:      layout_gridville, nicolae_sif_muna_little_library,
          minmay_alternating_orb
D:8:      layout_loops_ring, grunt_temple_overflow_order_and_chaos_1,
          david_lair_generic, corexii_mini_fake_secret_closet,
          hangedman_decor_push
D:9:      layout_rooms, mainiacjoe_overflow_paths, minmay_statue_crystal_thing
D:10:     layout_cross, nicolae_uskayaw_dance_hall, orc_0_dummy,
          nicolae_trove_entry_crystal, serial_shops, nicolae_shop_stone
D:11:     layout_rooms, bloody_makhleb, uniq_harold, uniq_erica
D:12:     layout_long_grid
D:13:     layout_gridville, ximxim_vaults_locker_room, grunt_ministairs_1,
          hangedman_feature_mirror
D:14:     layout_gridville, dk_noncrumbling_2, gammafunk_ghost_necromancy,
          uniq_kirke
Lair:1:   layout_loops_ring, gammafunk_ghost_split,
          chequers_serial_rivers_micro_e, eino_small_chamber_without_monster,
          minmay_hedge_maze, grunt_megastairs_2, lemuel_fruit_tree,
          serial_bayou_shore_b

Skill      XL: |  1  2  3  4  5  6  7  8  9 10 11 12 13 |
---------------+----------------------------------------+-----
Short Blades   | 1 2 3 4 5 6 7 8 |  8.7
Long Blades    | 1 2 3 4 5 6 7 8 |  8.7
Maces & Flails | 1 2 3 4 5 6 7 8 |  8.7
Polearms       | 1 2 3 4 5 6 7 8 |  8.7
Staves         | 1 2 3 4 5 6 7 8 |  8.7
Slings         | 1 2 3 4 5 6 7 8 |  8.7
Bows           | 1 2 3 4 5 6 7 8 |  8.7
Crossbows      | 1 2 3 4 5 6 7 8 |  8.7
Throwing       | 1 2 3 4 5 6 7 8 |  8.7
Stealth        | 1 2 3 4 5 6 7 8 |  8.7
Shields        | 1 2 3 4 5 6 7 8 |  8.7
Unarmed Combat | 1 2 3 4 5 6 7 8 |  8.7
Spellcasting   | 1 2 3 4 5 6 7 8 |  8.7
Evocations     | 1 2 3 4 5 6 7 8 |  8.7
Conjurations   | 1 2 3 4 5 6 7 |  7.2
Hexes          | 1 2 3 4 5 6 7 |  7.2
Summonings     | 1 2 3 4 5 6 7 |  7.2
Necromancy     | 1 2 3 4 5 6 7 |  7.2
Translocations | 1 2 3 4 5 6 7 |  7.2
Transmutations | 1 2 3 4 5 6 7 |  7.2
Fire Magic     | 1 2 3 4 5 6 7 |  7.2
Ice Magic      | 1 2 3 4 5 6 7 |  7.2
Air Magic      | 1 2 3 4 5 6 7 |  7.2
Earth Magic    | 1 2 3 4 5 6 7 |  7.2
Poison Magic   | 1 2 3 4 5 6 7 |  7.2
Dodging        | 3 4 5 6 7 8 9 |  9.1
Axes           | 5 6 7 8 9 |  9.8
Armour         | 5 6 7 8 9 |  9.8
Invocations    | 5 6 7 8 9 10 | 10.5
Fighting       | 7 8 9 10 | 10.8

Action                   |  1- 3 |  4- 6 |  7- 9 | 10-12 | 13-15 || total
-------------------------+-------+-------+-------+-------+-------++-------
Melee: Hand axe          |    88 |       |       |       |       ||    88
       Bite              |     8 |    19 |    61 |   170 |    49 ||   307
       Dagger            |    12 |   199 |   482 |  1094 |   322 ||  2109
       Punch             |       |     1 |     8 |     5 |       ||    14
       Short sword       |       |       |    22 |   123 |    20 ||   165
       Scimitar          |       |       |       |    10 |    59 ||    69
       Unarmed           |       |       |       |       |    19 ||    19
Throw: Dart              |       |     3 |    26 |    61 |    10 ||   100
Invok: Depart the Abyss  |     1 |       |       |       |     1 ||     2
       Banish            |       |       |       |     6 |       ||     6
       Bend Space        |       |       |       |     1 |       ||     1
       Enter the Abyss   |       |       |       |       |     1 ||     1
  Use: Scroll            |     3 |     3 |     2 |    20 |       ||    28
       Potion            |       |     1 |       |    10 |     4 ||    15
 Stab: Sleeping          |       |     1 |     1 |     7 |     7 ||    16
       Distracted        |       |       |       |     2 |       ||     2
Armor: Ring mail         |    47 |    56 |   147 |   434 |   107 ||   791
       Plate armour      |       |       |       |       |    43 ||    43
Dodge: Dodged            |    85 |   122 |   387 |  1007 |   280 ||  1881
Block: Kite shield       |       |       |       |    27 |       ||    27
       Buckler           |       |       |       |   208 |   102 ||   310

Table legend: (Time is in decaauts)
 A = Elapsed time spent in this place.
 B = Non-inter-level travel time spent in this place.
 C = Inter-level travel time spent in this place.
 D = Time resting spent in this place.
 E = Time spent auto-exploring this place.
 F = Levels seen in this place.
 G = Mean time per level.
                   A        B        C        D        E       F      G
               +--------+--------+--------+--------+--------+-----+--------+
         Total |  22341 |  21776 |    565 |   4862 |  11423 |  18 | 1241.2 |
       Dungeon |  21916 |  21371 |    545 |   4729 |  11298 |  14 | 1565.4 |
          Lair |    304 |    284 |     20 |    123 |     74 |   1 |  304.0 |
         Abyss |    120 |    120 |      0 |     10 |     51 |   3 |   40.0 |
               +--------+--------+--------+--------+--------+-----+--------+

Top non-repeatable levels by time:
     D:6: 2741 daAuts
    D:11: 2218 daAuts
     D:8: 2171 daAuts
     D:7: 2169 daAuts
    D:13: 2069 daAuts
     D:5: 1571 daAuts
    D:12: 1567 daAuts
     D:9: 1554 daAuts
     D:2: 1241 daAuts
     D:4: 1087 daAuts
     D:3: 1031 daAuts
     D:1: 1000 daAuts
    D:10: 827 daAuts
    D:14: 663 daAuts
  Lair:1: 304 daAuts
